 Dungeon Crawl Stone Soup version 0.28-a0-1002-gf00fe891ef (webtiles) character file.

Game seed: 16088004543296820309

67 ytrimaz the Insei (level 4, 0/29 HPs)
             Began as an Octopode Transmuter on Dec 7, 2021.
             Succumbed to an adder's poison
             ... on level 2 of the Dungeon.
             The game lasted 00:01:44 (1581 turns).

ytrimaz the Insei (Octopode Transmuter)             Turns: 1581, Time: 00:01:44

Health: 0/29       AC:  1    Str:  9    XL:     4   Next: 18%
Magic:  7/7        EV: 13    Int: 17    God:
Gold:   58         SH:  0    Dex: 12    Spells: 7/8 levels left

rFire   . . .      SeeInvis .     - Unarmed
rCold   . . .      Faith    .   (no shield)
rNeg    . . .      Spirit   .   (helmet restricted)
rPois   .          Reflect  .   (no amulet)
rElec   .          Harm     .   (no ring)
rCorr   .          Rampage  .   (no ring)
Will    .....                   (no ring)
Stlth   ++........              (no ring)
HPRegen 0.09/turn               (no ring)
MPRegen 0.10/turn               (no ring)
                                (no ring)
                                (no ring)

@: lethally poisoned (0 -> -1)
A: almost no armour, amphibious, 8 rings, camouflage 1, gelatinous body 1,
(nimble swimmer 1), tentacles
a: no special abilities


You were on level 2 of the Dungeon.
You visited 1 branch of the dungeon, and saw 2 of its levels.

You collected 58 gold pieces.

Inventory:

Scrolls
 c - a scroll of fear
 d - 2 scrolls of teleportation
Potions
 a - a potion of brilliance


   Skills:
 * Level 1.7 Fighting
 - Level 2.0 Dodging
 + Level 3.6 Unarmed Combat
 * Level 2.6 Spellcasting
 * Level 2.8 Transmutations


You had 7 spell levels left.
You knew the following spells:

 Your Spells              Type           Power      Damage    Failure   Level
a - Beastly Appendage     Tmut           22%        N/A       5%          1

Your spell library contained the following spells:

 Spells                   Type           Power      Damage    Failure   Level
 Wereblood                Tmut           11%        N/A       9%          2
 Sublimation of Blood     Necr           2%         N/A       28%         2
 Spider Form              Tmut/Pois      7%         N/A       30%         3
 Ice Form                 Ice/Tmut       7%         N/A       71%         4
 Petrify                  Tmut/Erth      7%         N/A       71%         4
 Irradiate                Conj/Tmut      3%         3d14      96%         5


Dungeon Overview and Level Annotations

Branches:
Dungeon (2/15)

Altars:


Innate Abilities, Weirdness & Mutations

You cannot wear most types of armour.
You are amphibious.
You can wear up to eight rings at the same time.
Your skin changes colour to match your surroundings (Stealth+).
Your rubbery body absorbs attacks. (AC +1, EV +1)
((You are camouflaged near water. (Stealth+)))
You have tentacles for arms and can constrict up to eight enemies at once.


Message History

The adder poisons you!
You barely miss the adder.
The adder is heavily wounded.
Your transformation is almost over.
You constrict the adder.
* * * LOW HITPOINT WARNING * * *
You feel sick. The adder misses you.
Unknown command.
You barely miss the adder. You squeeze the adder.
You kill the adder!
* * * LOW HITPOINT WARNING * * *
You feel sick.
Unknown command.
Okay, then.
There is a lethal amount of poison in your body!
* * * LOW HITPOINT WARNING * * *
You feel sick.
* * * LOW HITPOINT WARNING * * *
You feel sick.
Unknown command.
Casting: Beastly Appendage (safe; 5% risk of failure)
Confirm with . or Enter, or press ? or * to list all spells.
You don't know that spell.
Unknown command.
Okay, then.
Your tentacle spike disappears.
* * * LOW HITPOINT WARNING * * *
You feel sick.
Unknown command.
Casting: Beastly Appendage (safe; 5% risk of failure)
Confirm with . or Enter, or press ? or * to list all spells.
Okay, then.
Casting: Beastly Appendage (safe; 5% risk of failure)
Confirm with . or Enter, or press ? or * to list all spells.
You don't know that spell.
Casting: Beastly Appendage (safe; 5% risk of failure)
Confirm with . or Enter, or press ? or * to list all spells.
You don't know that spell.
There is a lethal amount of poison in your body!
You die...

#####.
#....
##......
...###
#.....#
#####
##.#.#.# #
#......#.#
#..#.#...#
#........
#####
#.#..# ..
.....
#†.@####..#
#####
###.......#
#..###..#
#..# #..#
#..#
###..####.#
...###
#..........
......
#.#..####.#
.#.###


There were no monsters in sight!

Vanquished Creatures
  Robin (D:2)
  2 adders (D:2)
  2 dart slugs (D:1)
  3 ball pythons (D:1)
  3 bats
  An endoplasm (D:1)
  A giant cockroach (D:1)
  5 goblins (D:2)
  6 hobgoblins
  2 quokkas (D:1)
  2 kobolds (D:1)
  7 rats
35 creatures vanquished.

Notes
Turn   | Place    | Note
-------+----------+-------------------------------------------
     0 | D:1      | ytrimaz the Octopode Transmuter began the quest for the
                  | Orb.
     0 | D:1      | Reached XP level 1. HP: 13/13 MP: 3/3
    92 | D:1      | Reached XP level 2. HP: 9/18 MP: 5/5
   555 | D:1      | Reached XP level 3. HP: 6/23 MP: 6/6
   999 | D:2      | Noticed Robin
  1005 | D:2      | Killed Robin
  1474 | D:2      | Reached XP level 4. HP: 29/29 MP: 5/7
  1580 | D:2      | HP: 1/29 [poisoned by an adder]
  1581 | D:2      | Succumbed to an adder's poison

Illustrated notes

Levels and vault maps discovered:
D:1:      sevenhm_arrival_forest_fort_small_4, layout_rooms
D:2:      layout_loops_ring, basic_altar, serial_glass, glass_columns_a,
          glass_columns_b, hex_medium, minivault_14, uniq_robin

Action                   |  1- 3 |  4- 6 || total
-------------------------+-------+-------++-------
Melee: Unarmed           |    64 |    12 ||    76
       Constrict         |    21 |     1 ||    22
       Tentacles         |    13 |     1 ||    14
       Kick              |    15 |       ||    15
       Punch             |     2 |       ||     2
 Cast: Beastly Appendage |    12 |     2 ||    14
 Abil: End Transformatio |       |     1 ||     1
  Use: Potion            |     1 |     1 ||     2
       Scroll            |       |     2 ||     2
 Stab: Sleeping          |     4 |       ||     4
Armor: Skin              |     4 |       ||     4
Dodge: Dodged            |    43 |     9 ||    52

Table legend: (Time is in decaauts)
 A = Elapsed time spent in this place.
 B = Non-inter-level travel time spent in this place.
 C = Inter-level travel time spent in this place.
 D = Time resting spent in this place.
 E = Time spent auto-exploring this place.
 F = Levels seen in this place.
 G = Mean time per level.
                   A        B        C        D        E       F      G
               +--------+--------+--------+--------+--------+-----+--------+
         Total |   1575 |   1564 |     11 |    150 |   1123 |   2 |  787.5 |
       Dungeon |   1575 |   1564 |     11 |    150 |   1123 |   2 |  787.5 |
               +--------+--------+--------+--------+--------+-----+--------+

Top non-repeatable levels by time:
     D:1: 986 daAuts
     D:2: 589 daAuts
